 Dungeon Crawl Stone Soup version 0.28.0 (webtiles) character file.

Game seed: 3713867467703880495

51 Sanktem7 the Sneak (level 3, -3/16 HPs)
             Began as a Spriggan Enchanter on Feb 9, 2022.
             Killed by divine providence
             ... invoked by an orc priest
              (12 damage)
             ... on level 3 of the Dungeon.
             The game lasted 00:06:32 (1901 turns).

Sanktem7 the Sneak (Spriggan Enchanter)             Turns: 1901, Time: 00:06:32

Health: -3/16      AC:  2    Str:  4    XL:     3   Next: 58%
Magic:  5/8        EV: 17    Int: 18    God:
Gold:   45         SH:  0    Dex: 15    Spells: 5/7 levels left

rFire   . . .      SeeInvis +   a - +1 dagger
rCold   . . .      Faith    .   (no shield)
rNeg    . . .      Spirit   .   b - +0 robe
rPois   .          Reflect  .   (helmet restricted)
rElec   .          Harm     .   (no cloak)
rCorr   .          Rampage  .   (gloves unavailable)
Will    .....                   (boots unavailable)
Stlth   +++.......              (no amulet)
HPRegen 0.05/turn               (no ring)
MPRegen 0.11/turn               (no ring)

@: very quick
A: very small, no large weapons, unfitting armour, see invisible, speed 3
a: no special abilities


You were on level 3 of the Dungeon.
You visited 1 branch of the dungeon, and saw 3 of its levels.

You collected 45 gold pieces.

Inventory:

Hand Weapons
 a - a +1 dagger (weapon)
Armour
 b - a +0 robe (worn)
Scrolls
 d - 3 scrolls of identify {unknown}
 e - a scroll of magic mapping {unknown}
 g - a scroll of immolation {unknown}
 i - a scroll of silence {unknown}
 j - a scroll of teleportation {unknown}
Potions
 c - a potion of invisibility
 f - a potion of berserk rage {unknown}
 h - 2 potions of resistance {unknown}


   Skills:
 - Level 1.1 Short Blades
 + Level 2.7 Dodging
 * Level 5.7 Stealth
 + Level 2.9 Spellcasting
 * Level 4.6 Hexes


You had 5 spell levels left.
You knew the following spells:

 Your Spells              Type           Power      Damage    Failure   Level
a - Ensorcelled Hibernat  Hex/Ice        22%        N/A       10%         2

Your spell library contained the following spells:

 Spells                   Type           Power      Damage    Failure   Level
 Confusing Touch          Hex            19%        N/A       8%          3
 Tukima's Dance           Hex            19%        N/A       8%          3
 Magic Dart               Conj           8%         1d3       17%         1
 Dazzling Flash           Conj/Hex       22%        N/A       19%         3
 Call Imp                 Summ           2%         N/A       26%         2
 Mephitic Cloud           Conj/Pois/Air  2%         N/A       45%         3


Dungeon Overview and Level Annotations

Branches:
Dungeon (3/15)

Altars:


Innate Abilities, Weirdness & Mutations

You are very small and have problems with some larger weapons.
You are too small for most types of armour.
You have supernaturally acute eyesight. (SInv)
You cover ground extremely quickly. (Speed+++)


Message History

You see here a ball python corpse.
The orc shouts!
The adder hisses angrily.
The adder misses you.
An orc comes into view. It is wielding a +0 flail.
Casting: Ensorcelled Hibernation (safe; 10% risk of failure)
Confirm with . or Enter, or press ? or * to list all spells.
Aiming: Ensorcelled Hibernation (safe; 10% risk of failure)
Press: ? - help, Shift-Dir - straight line, f - adder
Aim: an adder (chance to affect: 52%)
The adder resists with significant effort.
The adder completely misses you.
You hit the adder.
The adder is lightly wounded.
The adder misses you.
An orc comes into view. It is wielding a +0 hand axe.
The orc priest begins to cast a cantrip, but forgets the words!
The adder barely misses you.
The orc shouts!
You hit the adder but do no damage.
The adder is lightly wounded.
An orc wizard comes into view. It is wielding a +0 dagger.
The adder barely misses you.
Casting: Ensorcelled Hibernation (safe; 10% risk of failure)
Confirm with . or Enter, or press ? or * to list all spells.
Aiming: Ensorcelled Hibernation (safe; 10% risk of failure)
Press: ? - help, Shift-Dir - straight line, f/p - adder
Aim: an adder (lightly wounded, chance to affect: 52%)
The adder looks drowsy...
The helpless adder fails to defend itself.
You impale the adder!!
You kill the adder!
You open the door.
The orc priest mumbles some strange prayers to Beogh against you.
Beogh smites you!
Ouch! That really hurt!
There is an open door here.
The orc priest calls down the wrath of Beogh upon you.
Beogh smites you!
Ouch! That really hurt!
You die...

. #.# . ..#o#
#. #.#o#
#..#.#.#
#..#.#.#
#......#
#.o.#### #
#..†...#
###.###.##@#
........o#'###
####.....o...#
#.....o...#
#...>.....#
#............#
#..........##.#
#...........# #
...#...#...#.#


You could see an orc priest, an orc wizard (wandering) and an orc.

Vanquished Creatures
  An adder (D:3)
  A dart slug (D:1)
  3 ball pythons
  3 endoplasms
  3 giant cockroaches (D:1)
  A goblin (D:1)
  5 hobgoblins
  8 kobolds
  A quokka (D:2)
  6 bats
  4 rats (D:1)
36 creatures vanquished.

Notes
Turn   | Place    | Note
-------+----------+-------------------------------------------
     0 | D:1      | Sanktem7 the Spriggan Enchanter began the quest for the
                  | Orb.
     0 | D:1      | Reached XP level 1. HP: 9/9 MP: 5/5
   190 | D:1      | Reached skill level 5 in Stealth
   190 | D:1      | Reached XP level 2. HP: 12/13 MP: 6/6
   193 | D:1      | Learned a level 2 spell: Ensorcelled Hibernation
   300 | D:1      | Found a faded altar of an unknown god.
  1084 | D:1      | Reached XP level 3. HP: 16/16 MP: 2/8
  1901 | D:3      | Killed from afar by an orc priest

Illustrated notes

Levels and vault maps discovered:
D:1:      sevenhm_arrival_forest_fort_small_6, layout_loops_ring,
          hellmonk_ecumenical_altar_prayer_group
D:2:      layout_rooms
D:3:      layout_basic, minmay_fractal_squares_diagonal_5

Skill      XL: |  1 |
---------------+----+-----
Stealth        | 5 |  5.7
Hexes          | 4 |  4.6
Short Blades   | |  1.1
Dodging        | |  2.7
Spellcasting   | |  2.9

Action                   || total
-------------------------++-------
Melee: Dagger            ||    75
 Cast: Ensorcelled Hiber ||    29
 Stab: Sleeping          ||    28
Armor: Robe              ||     5
Dodge: Dodged            ||    53
